Senators vs Checkers

Created - 27 avril 2024 at 03:55

Goals
1 2 3 OT1 T
Senators 2 1 0 1 4
Checkers 0 3 0 0 3
Shots
1 2 3 OT1 T
Senators 8 7 4 13 32
Checkers 13 17 13 11 54

1st period

1. Senators , Julien Gauthier 1 (David Jiricek 1) at 13:56
2. Senators , Nic Dowd 2 (Chris Tierney 1, Yannick Weber 2) at 15:30

Penalties :
Paul Cotter (SEN) for High sticking (Minor) at 7:46

2nd period

3. Checkers , Rob O'Gara 1 (Kevin Stenlund 3) at 6:04
4. Senators , Michael Amadio 1 (Chris Tierney 2, Nic Dowd 1) at 16:03
5. Checkers , Sasha Chmelevski 2 (Rob O'Gara 3, Dylan Sikura 2) at 18:21
6. Checkers , Eric Robinson 1 (Kevin Stenlund 4) at 19:43

Penalties :
Sam Lafferty (SEN) for Tripping (Minor) at 0:52, Lucas Carlsson (SEN) for Slashing (Minor) at 9:50

3rd period

No Goal

Penalties :
Yannick Weber (SEN) for Holding (Minor) at 0:34, Pierre-Olivier Joseph (SEN) for Slashing (Minor) at 6:07

Overtime #1

7. Senators , Nic Dowd 3 (Chris Tierney 3) at 18:41

Penalties :
Pierre-Olivier Joseph (SEN) for Hooking (Minor) at 4:08

Goalie Stats

Pheonix Copley (SEN), 51 saves from 54 shots - (0,944), W, 1-2-0, 78:42 minutes
Spencer Martin (CHE), 28 saves from 32 shots - (0,875), OTL, 3-0-1, 78:42 minutes

Players Stats for Senators

Player Name              G  A  P  +/- PIM S  H  SB GA TA FO     MP     PP MP  PK MP  
------------------------------------------------------------------------------------
Axel Andersson           0  0  0  -1  0   2  3  1  0  0  0/0    22:19   0:00   2:20 
Beck Malenstyn           0  0  0   0  0   2  1  0  0  0  1/2    21:05   0:00   0:29 
Chris Tierney            0  3  3   3  0   4  0  0  0  0  22/39  32:08   0:00   6:30 
Danny O'Regan            0  0  0   0  0   2  0  1  0  0  0/0    20:36   0:00   0:00 
David Gustafsson         0  0  0   0  0   0  0  0  0  0  0/0     0:24   0:00   0:00 
David Jiricek            0  1  1   2  0   4  2  5  0  0  0/0    28:05   0:00   6:15 
Garrett Pilon            0  0  0   0  0   0  0  0  0  0  0/0     0:32   0:00   0:00 
Jacob Bernard-Docker     0  0  0   2  0   0  2  2  0  0  0/0    28:20   0:00   6:30 
Julien Gauthier          1  0  1  -2  0   3  1  1  0  0  0/0    20:10   0:00   0:00 
Lucas Carlsson           0  0  0  -1  2   1  5  0  0  0  0/0    20:27   0:00   0:29 
Michael Amadio           1  0  1   2  0   2  0  0  0  0  6/7     5:06   0:00   1:30 
Michael Sgarbossa        0  0  0   0  0   5  0  0  0  0  14/24  24:38   0:00   4:02 
Nic Dowd                 2  1  3   3  0   3  3  1  0  0  0/1    32:42   0:00   7:04 
Nicolas Aube-Kubel       0  0  0  -2  0   3  4  0  0  0  11/36  24:12   0:00   4:02 
Paul Cotter              0  0  0   1  2   0  2  0  0  0  1/1    22:25   0:00   0:00 
Pierre-Olivier Joseph    0  0  0   0  4   0  2  1  0  0  0/0    28:30   0:00   3:33 
Sam Lafferty             0  0  0  -2  2   0  0  0  0  0  0/0    20:20   0:00   0:11 
Yannick Weber            0  1  1   0  2   1  1  0  0  0  0/0    29:31   0:00   4:41 

Players Stats for Checkers

Player Name              G  A  P  +/- PIM S  H  SB GA TA FO     MP     PP MP  PK MP  
------------------------------------------------------------------------------------
Ben Harpur               0  0  0   0  0   0  1  1  0  0  0/0    24:22   0:53   0:00 
Buddy Robinson           0  0  0   0  0   4  4  0  0  0  1/2    24:55   6:01   0:00 
Dylan Sikura             0  1  1   0  0   0  0  0  0  0  3/8     8:04   0:00   0:00 
Emil Heineman            0  0  0  -2  0   3  4  0  0  0  0/2    30:25   5:08   0:00 
Eric Robinson            1  0  1   2  0   12 3  1  0  0  0/0    26:36   5:53   0:00 
Jack Thompson            0  0  0   1  0   0  1  0  0  0  0/0     9:51   0:00   0:00 
Jakub Jerabek            0  0  0   0  0   1  1  1  0  0  0/0    21:51   0:00   0:00 
Kevin Stenlund           0  2  2   2  0   5  0  0  0  0  16/29  20:43   0:00   0:00 
Kirill Maksimov          0  0  0   0  0   0  0  0  0  0  0/0     0:53   0:53   0:00 
Kyle Rau                 0  0  0  -3  0   2  0  0  0  0  7/17   19:07   0:00   0:00 
Landon Ferraro           0  0  0  -1  0   3  2  0  0  0  6/11   26:26   6:01   0:00 
Lukas Radil              0  0  0  -3  0   1  0  0  0  0  2/4    19:51   0:44   0:00 
Markus Nutivaara         0  0  0   0  0   5  0  2  0  0  0/0    30:00   6:38   0:00 
Martin Kaut              0  0  0   2  0   2  1  0  0  0  2/2    27:35   5:53   0:00 
Nikita Nesterov          0  0  0  -2  0   2  0  0  0  0  0/0    17:34   5:16   0:00 
Rob O'Gara               1  1  2   0  0   5  4  1  0  0  0/0    25:29   5:16   0:00 
Sasha Chmelevski         1  0  1   0  0   6  0  0  0  0  18/35  31:31   5:09   0:00 
Spencer Stastney         0  0  0  -1  0   3  2  3  0  0  0/0    28:17   5:45   0:00 

3 Stars

1 - Nic Dowd (SEN)
2 - Pheonix Copley (SEN)
3 - Chris Tierney (SEN)

Power Play

Senators - 0 on 0 Attempt(s) - 0,00%
Checkers - 0 on 6 Attempt(s) - 0,00%

Penalty Kill

Senators - 6 on 6 Attempt(s) - 100,00% - Score 0 goal in Penalty Kill
Checkers - 0 on 0 Attempt(s) - 0,00% - Score 0 goal in Penalty Kill

Team Stat

Senators - Hits : 26 - Faceoff Wins : 55 - Blocked Shots : 12 - Penalty Minutes : 12
Checkers - Hits : 23 - Faceoff Wins : 55 - Blocked Shots : 9 - Penalty Minutes : 0

Official

Referees : Brad Meier and Andrew Thackaberry
Linesman : Bob Bernard and Mike Anderson

Game Notes

No Game Note

Finance

Level 1 -- Attendance: 3000 (100,00%) -- Ticket Income $105,000
Level 2 -- Attendance: 3854 (96,35%) -- Ticket Income $84,788
Total Attendance: 6854 (97,91%)
Total Ticket Income: $189,788
Other Income: $92,996
Total Income: $282,784

Senators

5 vs 5 Forward 
   Center                   Left Wing                Right Wing               Time % Phy DF OF 
 1 Chris Tierney            Paul Cotter              Nic Dowd                 40     1   2  2  
 2 Nicolas Aube-Kubel       Sam Lafferty             Julien Gauthier          30     1   2  2  
 3 Michael Sgarbossa        Beck Malenstyn           Danny O'Regan            20     1   2  2  
 4 Michael Amadio           Chris Tierney            Nic Dowd                 10     1   2  2  

5 vs 5 Defense 
   Defense                  Defense                                           Time % Phy DF OF 
 1 Pierre-Olivier Joseph    Yannick Weber                                     40     1   2  2  
 2 Jacob Bernard-Docker     David Jiricek                                     30     1   2  2  
 3 Lucas Carlsson           Axel Andersson                                    20     1   2  2  
 4 Pierre-Olivier Joseph    Yannick Weber                                     10     1   2  2  

PowerPlay Forward 
   Center                   Left Wing                Right Wing               Time % Phy DF OF 
 1 Chris Tierney            Paul Cotter              Nic Dowd                 60     1   2  2  
 2 Nicolas Aube-Kubel       Sam Lafferty             Julien Gauthier          40     1   2  2  

PowerPlay Defense
   Defense                  Defense                                           Time % Phy DF OF 
 1 Pierre-Olivier Joseph    Yannick Weber                                     60     1   2  2  
 2 Jacob Bernard-Docker     David Jiricek                                     40     1   2  2  

Penalty Kill 4 Players Forward 
   Center                   Wing                     Time % Phy DF OF 
 1 Chris Tierney            Nic Dowd                 60     1   2  2  
 2 Nicolas Aube-Kubel       Michael Sgarbossa        40     1   2  2  

Penalty Kill 4 Players Defense
   Defense                  Defense                  Time % Phy DF OF 
 1 Pierre-Olivier Joseph    Yannick Weber            60     1   2  2  
 2 Jacob Bernard-Docker     David Jiricek            40     1   2  2  

Penalty Kill - 3 Players Forward 
   Forward                                           Time % Phy DF OF 
 1 Chris Tierney                                     60     1   2  2  
 2 Nic Dowd                                          40     1   2  2  

Penalty Kill - 3 Players Defense
   Defense                  Defense                  Time % Phy DF OF 
 1 Pierre-Olivier Joseph    Yannick Weber            60     1   2  2  
 2 Jacob Bernard-Docker     David Jiricek            40     1   2  2  

4 vs 4 Forward 
   Center                   Wing                     Time % Phy DF OF 
 1 Chris Tierney            Nic Dowd                 60     1   2  2  
 2 Nicolas Aube-Kubel       Michael Sgarbossa        40     1   2  2  

4 vs 4 Defense
   Defense                  Defense                  Time % Phy DF OF 
 1 Pierre-Olivier Joseph    Yannick Weber            60     1   2  2  
 2 Jacob Bernard-Docker     David Jiricek            40     1   2  2  

Last Minutes Offensive
   Center                   Left Wing                Right Wing               Defense                  Defense                  
   Chris Tierney            Paul Cotter              Nic Dowd                 Pierre-Olivier Joseph    Yannick Weber            

Last Minutes Defensive
   Center                   Left Wing                Right Wing               Defense                  Defense                  
   Chris Tierney            Paul Cotter              Nic Dowd                 Pierre-Olivier Joseph    Yannick Weber            

Goaltenders
Starting : Pheonix Copley           
Backup : Joni Ortio               

Extra Forwards
Normal : Garrett Pilon, David Gustafsson, Michael Amadio - PP : Garrett Pilon, David Gustafsson - PK : Michael Amadio
Extra Defensemen
Normal : Lucas Carlsson, Axel Andersson, Jacob Bernard-Docker - PP : Lucas Carlsson - PK : Axel Andersson, Jacob Bernard-Docker
Penalty Shots
Chris Tierney, Nic Dowd, Nicolas Aube-Kubel, Yannick Weber, Michael Sgarbossa
Custom OT Lines Forwards
Chris Tierney, Nic Dowd, Nicolas Aube-Kubel, Yannick Weber, Michael Sgarbossa, Julien Gauthier, Michael Amadio, Garrett Pilon, David Gustafsson, Paul Cotter
Custom OT Lines Defensemen
Pierre-Olivier Joseph, Yannick Weber, Jacob Bernard-Docker, David Jiricek, Lucas Carlsson

Scratches
Isak Rosen (Healthy), Riley Sutter (Healthy), Alexandre Fortin (Healthy), Ronan Seeley (Healthy), Ty Tullio (Healthy)
Paul Carey (Healthy), Adam Klapka (Healthy), Luke Green (Healthy), Sean Malone (Healthy), Kieffer Bellows (Healthy)
John Hayden (Healthy), Vladislav Kolyachonok (Healthy), Blade Jenkins (Healthy), Michal Teply (Healthy), Alex Beaucage (Healthy)
Alec McCrea (Healthy), Billy Sweezey (Healthy), Chase Berger (Healthy), Felix Robert (Healthy), Olivier Galipeau (Healthy)
Joey Daccord (Healthy), Zach Sawchenko (Healthy), Amir Miftakhov (Healthy)

Checkers

5 vs 5 Forward 
   Center                   Left Wing                Right Wing               Time % Phy DF OF 
 1 Sasha Chmelevski         Landon Ferraro           Buddy Robinson           30     0   3  2  
 2 Kevin Stenlund           Eric Robinson            Martin Kaut              29     0   3  2  
 3 Kyle Rau                 Lukas Radil              Emil Heineman            24     0   3  2  
 4 Dylan Sikura             Emil Heineman            Sasha Chmelevski         17     0   2  3  

5 vs 5 Defense 
   Defense                  Defense                                           Time % Phy DF OF 
 1 Markus Nutivaara         Ben Harpur                                        36     0   3  2  
 2 Spencer Stastney         Jakub Jerabek                                     34     0   3  2  
 3 Nikita Nesterov          Rob O'Gara                                        16     0   3  2  
 4 Jack Thompson            Rob O'Gara                                        14     0   3  2  

PowerPlay Forward 
   Center                   Left Wing                Right Wing               Time % Phy DF OF 
 1 Sasha Chmelevski         Eric Robinson            Martin Kaut              51     0   0  5  
 2 Landon Ferraro           Emil Heineman            Buddy Robinson           49     0   0  5  

PowerPlay Defense
   Defense                  Defense                                           Time % Phy DF OF 
 1 Spencer Stastney         Markus Nutivaara                                  53     0   0  5  
 2 Rob O'Gara               Nikita Nesterov                                   47     0   0  5  

Penalty Kill 4 Players Forward 
   Center                   Wing                     Time % Phy DF OF 
 1 Dylan Sikura             Kyle Rau                 52     0   5  0  
 2 Landon Ferraro           Sasha Chmelevski         48     0   5  0  

Penalty Kill 4 Players Defense
   Defense                  Defense                  Time % Phy DF OF 
 1 Ben Harpur               Spencer Stastney         53     0   5  0  
 2 Rob O'Gara               Markus Nutivaara         47     0   5  0  

Penalty Kill - 3 Players Forward 
   Forward                                           Time % Phy DF OF 
 1 Eric Robinson                                     52     0   5  0  
 2 Martin Kaut                                       48     0   5  0  

Penalty Kill - 3 Players Defense
   Defense                  Defense                  Time % Phy DF OF 
 1 Ben Harpur               Jack Thompson            51     0   5  0  
 2 Nikita Nesterov          Spencer Stastney         49     0   5  0  

4 vs 4 Forward 
   Center                   Wing                     Time % Phy DF OF 
 1 Kevin Stenlund           Landon Ferraro           51     0   2  3  
 2 Kyle Rau                 Lukas Radil              49     0   2  3  

4 vs 4 Defense
   Defense                  Defense                  Time % Phy DF OF 
 1 Markus Nutivaara         Ben Harpur               53     0   2  3  
 2 Spencer Stastney         Rob O'Gara               47     0   3  2  

Last Minutes Offensive
   Center                   Left Wing                Right Wing               Defense                  Defense                  
   Kevin Stenlund           Emil Heineman            Martin Kaut              Ben Harpur               Nikita Nesterov          

Last Minutes Defensive
   Center                   Left Wing                Right Wing               Defense                  Defense                  
   Landon Ferraro           Eric Robinson            Dylan Sikura             Rob O'Gara               Spencer Stastney         

Goaltenders
Starting : Spencer Martin           
Backup : Michael Dipietro         

Extra Forwards
Normal : Martin Kaut, Eric Robinson, Landon Ferraro - PP : Buddy Robinson, Lukas Radil - PK : Kyle Rau
Extra Defensemen
Normal : Markus Nutivaara, Ben Harpur, Jakub Jerabek - PP : Ben Harpur - PK : Ben Harpur, Markus Nutivaara
Penalty Shots
Emil Heineman, Eric Robinson, Martin Kaut, Landon Ferraro, Kevin Stenlund
Custom OT Lines Forwards
Kevin Stenlund, Dylan Sikura, Kyle Rau, Landon Ferraro, Buddy Robinson, Lukas Radil, Eric Robinson, Martin Kaut, Sasha Chmelevski, Emil Heineman
Custom OT Lines Defensemen
Jakub Jerabek, Ben Harpur, Markus Nutivaara, Nikita Nesterov, Spencer Stastney

Scratches
Peetro Seppala (Healthy), William Lagesson (Healthy), Tyler Steenbergen (Healthy), Adam Clendening (Healthy), Miro Aaltonen (Healthy)
Doyle Somerby (Healthy), Michael Spacek (Healthy), Hudson Elynuik (Healthy), Cole Reinhardt (Healthy), Michael Krutil (Healthy)
Cooper Zech (Healthy), Evan Weinger (Healthy), Henry Bowlby (Healthy), Jake Kulevich (Healthy), Jeff Malott (Healthy)
Josh Melnick (Healthy), Cameron Morrison (Healthy), Patrick Giles (Healthy), Landon Bow (Healthy), Oskari Salminen (Healthy)
Dylan Garand (Healthy), Jet Greaves (Healthy)

% Time on Ice - Senators

Lines # - Real PCT - Wanted PCT - Time Play
Normal Forward
1 - 34% - 40% - 22:26
2 - 30% - 30% - 20:10
3 - 31% - 20% - 20:36
4 - 5% - 10% - 3:36
Normal Defense
1 - 36% - 40% - 23:51
2 - 33% - 30% - 21:50
3 - 30% - 20% - 19:59
4 - 2% - 10% - 1:08
PP Forward
1 - 0% - 60%
2 - 0% - 40%
PP Defense
1 - 0% - 60%
2 - 0% - 40%
PK Forward
1 - 66% - 60% - 7:52
2 - 34% - 40% - 4:02
PK Defense
1 - 54% - 60% - 6:24
2 - 46% - 40% - 5:30
PK3 Forward
1 - 0% - 60%
2 - 0% - 40%
PK3 Defense
1 - 0% - 60%
2 - 0% - 40%
44 Forward
1 - 0% - 60%
2 - 0% - 40%
44 Defense
1 - 0% - 60%
2 - 0% - 40%
Last Minute Offensive  - 0:00
Last Minute Defensive  - 0:00
Total
Forward - 78:42
Defense - 78:42

% Time on Ice - Checkers

Lines # - Real PCT - Wanted PCT - Time Play
Normal Forward
1 - 28% - 30% - 18:54
2 - 31% - 29% - 20:43
3 - 29% - 24% - 19:07
4 - 12% - 17% - 8:04
Normal Defense
1 - 34% - 36% - 22:48
2 - 33% - 34% - 21:51
3 - 18% - 16% - 12:18
4 - 15% - 14% - 9:51
PP Forward
1 - 49% - 51% - 5:53
2 - 51% - 49% - 6:01
PP Defense
1 - 56% - 53% - 6:38
2 - 44% - 47% - 5:16
PK Forward
1 - 0% - 52%
2 - 0% - 48%
PK Defense
1 - 0% - 53%
2 - 0% - 47%
PK3 Forward
1 - 0% - 52%
2 - 0% - 48%
PK3 Defense
1 - 0% - 51%
2 - 0% - 49%
44 Forward
1 - 0% - 51%
2 - 0% - 49%
44 Defense
1 - 0% - 53%
2 - 0% - 47%
Last Minute Offensive  - 0:00
Last Minute Defensive  - 0:00
Total
Forward - 78:42
Defense - 78:42

Play-by-Play

1st period


0:01 of 1st period - Sasha Chmelevski wins face-off versus Chris Tierney in neutral zone.
0:36 of 1st period - Shot by Sasha Chmelevski.
0:36 of 1st period - Stopped by Pheonix Copley without a rebound.
0:37 of 1st period - Kevin Stenlund wins face-off versus Nicolas Aube-Kubel in Senators zone.
0:40 of 1st period - Shot by Kevin Stenlund.
0:40 of 1st period - Stopped by Pheonix Copley without a rebound.
0:41 of 1st period - Nicolas Aube-Kubel wins face-off versus Kyle Rau in Senators zone.
0:47 of 1st period - Icing by Julien Gauthier.
0:48 of 1st period - Martin Kaut wins face-off versus Nicolas Aube-Kubel in Senators zone.
1:05 of 1st period - Nicolas Aube-Kubel is hit by Eric Robinson and loses puck.
1:11 of 1st period - Martin Kaut is hit by Jacob Bernard-Docker.
1:13 of 1st period - Shot by Kevin Stenlund.
1:13 of 1st period - Stopped by Pheonix Copley with a rebound.
1:23 of 1st period - Shot by Eric Robinson.
1:23 of 1st period - Stopped by Pheonix Copley without a rebound.
1:24 of 1st period - Michael Sgarbossa wins face-off versus Dylan Sikura in Senators zone.
1:33 of 1st period - Shot by Beck Malenstyn.
1:33 of 1st period - Stopped by Spencer Martin without a rebound.
1:34 of 1st period - Michael Amadio wins face-off versus Kyle Rau in Checkers zone.
1:34 of 1st period - Michael Amadio is hit by Spencer Stastney.
1:50 of 1st period - Shot by Kyle Rau.
1:50 of 1st period - Stopped by Pheonix Copley without a rebound.
1:51 of 1st period - Michael Sgarbossa wins face-off versus Sasha Chmelevski in Senators zone.
1:51 of 1st period - Michael Sgarbossa is hit by Landon Ferraro.
3:24 of 1st period - Shot by Chris Tierney.
3:24 of 1st period - Deflect By Paul Cotter.
3:24 of 1st period - Shot Blocked by Markus Nutivaara.
4:08 of 1st period - Shot by Martin Kaut.
4:08 of 1st period - Shot Blocked by David Jiricek.
4:10 of 1st period - Shot by Jakub Jerabek.
4:10 of 1st period - Stopped by Pheonix Copley without a rebound.
4:11 of 1st period - Sasha Chmelevski wins face-off versus Michael Amadio in Senators zone.
4:11 of 1st period - Buddy Robinson is hit by Axel Andersson.
4:22 of 1st period - Nic Dowd is hit by Rob O'Gara and loses puck.
4:29 of 1st period - Shot by Chris Tierney.
4:29 of 1st period - Stopped by Spencer Martin without a rebound.
4:30 of 1st period - Kevin Stenlund wins face-off versus Michael Sgarbossa in Checkers zone.
4:30 of 1st period - Eric Robinson is hit by Beck Malenstyn and loses puck.
4:34 of 1st period - Icing by Spencer Stastney.
4:35 of 1st period - Michael Sgarbossa wins face-off versus Kevin Stenlund in Checkers zone.
4:35 of 1st period - Michael Sgarbossa is hit by Jakub Jerabek.
4:57 of 1st period - Shot by Martin Kaut.
4:57 of 1st period - Stopped by Pheonix Copley with a rebound.
5:07 of 1st period - Shot by Eric Robinson.
5:07 of 1st period - Shot Misses the Net.
6:03 of 1st period - Martin Kaut is hit by Nic Dowd and loses puck.
6:13 of 1st period - Icing by Spencer Stastney.
6:14 of 1st period - Kevin Stenlund wins face-off versus Nicolas Aube-Kubel in Checkers zone.
6:29 of 1st period - Lucas Carlsson is hit by Eric Robinson and loses puck.
6:48 of 1st period - Shot by Nicolas Aube-Kubel.
6:48 of 1st period - Stopped by Spencer Martin without a rebound.
6:49 of 1st period - Lukas Radil wins face-off versus Michael Sgarbossa in Checkers zone.
6:55 of 1st period - Kyle Rau is hit by Pierre-Olivier Joseph and loses puck.
7:46 of 1st period - Minor Penalty to Paul Cotter for High sticking.
7:47 of 1st period - Chris Tierney wins face-off versus Landon Ferraro in Senators zone.
8:17 of 1st period - Icing by Landon Ferraro.
8:18 of 1st period - Landon Ferraro wins face-off versus Chris Tierney in Checkers zone.
8:22 of 1st period - Markus Nutivaara is hit by Yannick Weber and loses puck.
8:48 of 1st period - Icing by Rob O'Gara.
8:49 of 1st period - Sasha Chmelevski wins face-off versus Nicolas Aube-Kubel in Checkers zone.
8:53 of 1st period - Icing by Eric Robinson.
8:54 of 1st period - Sasha Chmelevski wins face-off versus Nicolas Aube-Kubel in Checkers zone.
9:06 of 1st period - Eric Robinson is hit by David Jiricek and loses puck.
9:31 of 1st period - Shot by Spencer Stastney.
9:31 of 1st period - Shot Misses the Net.
9:33 of 1st period - Shot by Landon Ferraro.
9:33 of 1st period - Stopped by Pheonix Copley without a rebound.
9:34 of 1st period - Chris Tierney wins face-off versus Emil Heineman in Senators zone.
10:09 of 1st period - Shot by Lukas Radil.
10:09 of 1st period - Stopped by Pheonix Copley without a rebound.
10:10 of 1st period - Michael Sgarbossa wins face-off versus Kevin Stenlund in Senators zone.
11:11 of 1st period - Shot by Paul Cotter.
11:11 of 1st period - Shot Misses the Net.
11:13 of 1st period - Shot by Yannick Weber.
11:13 of 1st period - Shot Misses the Net.
11:15 of 1st period - Shot by Chris Tierney.
11:15 of 1st period - Shot Misses the Net.
11:17 of 1st period - Shot by Paul Cotter.
11:17 of 1st period - Shot Misses the Net.
11:32 of 1st period - Icing by Kevin Stenlund.
11:33 of 1st period - Kevin Stenlund wins face-off versus Nicolas Aube-Kubel in Checkers zone.
12:36 of 1st period - Off-side.
12:37 of 1st period - Landon Ferraro wins face-off versus Michael Sgarbossa in neutral zone.
12:46 of 1st period - Shot by Sasha Chmelevski.
12:46 of 1st period - Stopped by Pheonix Copley without a rebound.
12:47 of 1st period - Chris Tierney wins face-off versus Emil Heineman in Senators zone.
13:18 of 1st period - Shot by Sasha Chmelevski.
13:18 of 1st period - Shot Misses the Net.
13:56 of 1st period - Shot by Julien Gauthier.
13:56 of 1st period - Goal by Julien Gauthier - Senators : 1 - Checkers : 0.
13:57 of 1st period - Michael Sgarbossa wins face-off versus Kyle Rau in neutral zone.
15:00 of 1st period - Shot by Emil Heineman.
15:00 of 1st period - Shot Misses the Net.
15:28 of 1st period - Shot by Chris Tierney.
15:28 of 1st period - Shot Misses the Net.
15:30 of 1st period - Shot by Nic Dowd.
15:30 of 1st period - Goal by Nic Dowd - Senators : 2 - Checkers : 0.
15:31 of 1st period - Kevin Stenlund wins face-off versus Nicolas Aube-Kubel in neutral zone.
15:36 of 1st period - Shot by Eric Robinson.
15:36 of 1st period - Shot Misses the Net.
15:42 of 1st period - Shot by David Jiricek.
15:42 of 1st period - Stopped by Spencer Martin without a rebound.
15:43 of 1st period - Martin Kaut wins face-off versus Chris Tierney in Checkers zone.
16:36 of 1st period - Shot by Nicolas Aube-Kubel.
16:36 of 1st period - Shot Misses the Net.
16:38 of 1st period - Shot by Julien Gauthier.
16:38 of 1st period - Shot Blocked by Spencer Stastney.
16:46 of 1st period - Shot by Nicolas Aube-Kubel.
16:46 of 1st period - Stopped by Spencer Martin with a rebound.
16:48 of 1st period - Shot by Julien Gauthier.
16:48 of 1st period - Stopped by Spencer Martin without a rebound.
16:49 of 1st period - Kevin Stenlund wins face-off versus Nicolas Aube-Kubel in Checkers zone.
16:54 of 1st period - Shot by Eric Robinson.
16:54 of 1st period - Stopped by Pheonix Copley without a rebound.
16:55 of 1st period - Michael Amadio wins face-off versus Sasha Chmelevski in Senators zone.
16:55 of 1st period - Michael Amadio is hit by Landon Ferraro.
17:18 of 1st period - Icing by Nikita Nesterov.
17:19 of 1st period - Sasha Chmelevski wins face-off versus Nicolas Aube-Kubel in Checkers zone.
17:19 of 1st period - Sasha Chmelevski is hit by Julien Gauthier.
17:22 of 1st period - Icing by Buddy Robinson.
17:23 of 1st period - Sasha Chmelevski wins face-off versus Nicolas Aube-Kubel in Checkers zone.
17:35 of 1st period - Shot by Sasha Chmelevski.
17:35 of 1st period - Stopped by Pheonix Copley without a rebound.
17:36 of 1st period - Chris Tierney wins face-off versus Kyle Rau in Senators zone.
17:56 of 1st period - Ben Harpur is hit by Paul Cotter and loses puck.
18:16 of 1st period - Off-side.
18:17 of 1st period - Sasha Chmelevski wins face-off versus Nicolas Aube-Kubel in neutral zone.
18:29 of 1st period - Pierre-Olivier Joseph is hit by Spencer Stastney and loses puck.
18:51 of 1st period - Icing by Julien Gauthier.
18:52 of 1st period - Nicolas Aube-Kubel wins face-off versus Kevin Stenlund in Senators zone.
19:00 of 1st period - Nicolas Aube-Kubel is hit by Jack Thompson and loses puck.
19:15 of 1st period - Shot by Martin Kaut.
19:15 of 1st period - Stopped by Pheonix Copley without a rebound.
19:16 of 1st period - Kyle Rau wins face-off versus Chris Tierney in Senators zone.
19:22 of 1st period - Jacob Bernard-Docker is hit by Emil Heineman and loses puck.
19:26 of 1st period - Off-side.
19:27 of 1st period - Beck Malenstyn wins face-off versus Sasha Chmelevski in neutral zone.
Goals for this period are 2 for Senators vs 0 for Checkers.
Shots for this period are 8 for Senators vs 13 for Checkers.

2nd period


0:01 of 2nd period - Chris Tierney wins face-off versus Sasha Chmelevski in neutral zone.
0:29 of 2nd period - Pierre-Olivier Joseph is hit by Ben Harpur and loses puck.
0:52 of 2nd period - Minor Penalty to Sam Lafferty for Tripping.
0:53 of 2nd period - Nicolas Aube-Kubel wins face-off versus Lukas Radil in Senators zone.
2:52 of 2nd period - Shot by Eric Robinson.
2:52 of 2nd period - Stopped by Pheonix Copley without a rebound.
2:53 of 2nd period - Nicolas Aube-Kubel wins face-off versus Dylan Sikura in Senators zone.
3:48 of 2nd period - Icing by Yannick Weber.
3:49 of 2nd period - Michael Sgarbossa wins face-off versus Kevin Stenlund in Senators zone.
5:04 of 2nd period - Shot by Kyle Rau.
5:04 of 2nd period - Stopped by Pheonix Copley without a rebound.
5:05 of 2nd period - Dylan Sikura wins face-off versus Chris Tierney in Senators zone.
5:06 of 2nd period - Shot by Nikita Nesterov.
5:06 of 2nd period - Shot Blocked by David Jiricek.
5:22 of 2nd period - Shot by Sasha Chmelevski.
5:22 of 2nd period - Shot Blocked by Nic Dowd.
5:24 of 2nd period - Shot by Nikita Nesterov.
5:24 of 2nd period - Shot Misses the Net.
5:43 of 2nd period - Off-side.
5:44 of 2nd period - Nicolas Aube-Kubel wins face-off versus Kevin Stenlund in neutral zone.
5:58 of 2nd period - Icing by Lucas Carlsson.
5:59 of 2nd period - Nicolas Aube-Kubel wins face-off versus Sasha Chmelevski in Senators zone.
5:59 of 2nd period - Nicolas Aube-Kubel is hit by Buddy Robinson.
6:02 of 2nd period - Icing by Axel Andersson.
6:03 of 2nd period - Kevin Stenlund wins face-off versus Nicolas Aube-Kubel in Senators zone.
6:04 of 2nd period - Shot by Rob O'Gara.
6:04 of 2nd period - Goal by Rob O'Gara - Senators : 2 - Checkers : 1.
6:05 of 2nd period - Chris Tierney wins face-off versus Landon Ferraro in neutral zone.
6:18 of 2nd period - Shot by Nic Dowd.
6:18 of 2nd period - Shot Blocked by Jakub Jerabek.
6:20 of 2nd period - Shot by Chris Tierney.
6:20 of 2nd period - Shot Blocked by Spencer Stastney.
6:32 of 2nd period - Shot by Chris Tierney.
6:32 of 2nd period - Stopped by Spencer Martin without a rebound.
6:33 of 2nd period - Kyle Rau wins face-off versus Nicolas Aube-Kubel in Checkers zone.
6:59 of 2nd period - Off-side.
7:00 of 2nd period - Chris Tierney wins face-off versus Sasha Chmelevski in neutral zone.
7:22 of 2nd period - Shot by Chris Tierney.
7:22 of 2nd period - Shot Misses the Net.
7:28 of 2nd period - Shot by Nic Dowd.
7:28 of 2nd period - Shot Blocked by Rob O'Gara.
7:40 of 2nd period - Icing by Buddy Robinson.
7:41 of 2nd period - Sasha Chmelevski wins face-off versus Nicolas Aube-Kubel in Checkers zone.
8:20 of 2nd period - Icing by Sam Lafferty.
8:21 of 2nd period - Nicolas Aube-Kubel wins face-off versus Kyle Rau in Senators zone.
8:54 of 2nd period - Shot by Emil Heineman.
8:54 of 2nd period - Shot Misses the Net.
9:25 of 2nd period - Shot by Kevin Stenlund.
9:25 of 2nd period - Stopped by Pheonix Copley without a rebound.
9:26 of 2nd period - Landon Ferraro wins face-off versus Michael Sgarbossa in Senators zone.
9:29 of 2nd period - Shot by Buddy Robinson.
9:29 of 2nd period - Stopped by Pheonix Copley with a rebound.
9:41 of 2nd period - Shot by Buddy Robinson.
9:41 of 2nd period - Stopped by Pheonix Copley with a rebound.
9:43 of 2nd period - Shot by Landon Ferraro.
9:43 of 2nd period - Stopped by Pheonix Copley with a rebound.
9:45 of 2nd period - Shot by Buddy Robinson.
9:45 of 2nd period - Shot Misses the Net.
9:47 of 2nd period - Shot by Jack Thompson.
9:47 of 2nd period - Shot Misses the Net.
9:49 of 2nd period - Shot by Rob O'Gara.
9:49 of 2nd period - Stopped by Pheonix Copley with a rebound.
9:50 of 2nd period - Minor Penalty to Lucas Carlsson for Slashing.
9:51 of 2nd period - Chris Tierney wins face-off versus Sasha Chmelevski in Senators zone.
10:23 of 2nd period - Shot by Markus Nutivaara.
10:23 of 2nd period - Deflect By Eric Robinson.
10:23 of 2nd period - Shot Hit the Post.
10:25 of 2nd period - Shot by Markus Nutivaara.
10:25 of 2nd period - Stopped by Pheonix Copley without a rebound.
10:26 of 2nd period - Chris Tierney wins face-off versus Landon Ferraro in Senators zone.
10:55 of 2nd period - Shot by Emil Heineman.
10:55 of 2nd period - Stopped by Pheonix Copley without a rebound.
10:56 of 2nd period - Sasha Chmelevski wins face-off versus Nicolas Aube-Kubel in Senators zone.
11:28 of 2nd period - Shot by Spencer Stastney.
11:28 of 2nd period - Stopped by Pheonix Copley without a rebound.
11:29 of 2nd period - Chris Tierney wins face-off versus Landon Ferraro in Senators zone.
11:50 of 2nd period - Shot by Buddy Robinson.
11:50 of 2nd period - Stopped by Pheonix Copley with a rebound.
12:34 of 2nd period - Ben Harpur is hit by Lucas Carlsson and loses puck.
13:11 of 2nd period - Shot by Michael Sgarbossa.
13:11 of 2nd period - Stopped by Spencer Martin without a rebound.
13:12 of 2nd period - Chris Tierney wins face-off versus Sasha Chmelevski in Checkers zone.
13:29 of 2nd period - Chris Tierney is hit by Rob O'Gara and loses puck.
13:51 of 2nd period - Yannick Weber is hit by Buddy Robinson and loses puck.
14:10 of 2nd period - Martin Kaut is hit by Nic Dowd and loses puck.
14:21 of 2nd period - Beck Malenstyn is hit by Martin Kaut.
15:04 of 2nd period - Eric Robinson is hit by Nicolas Aube-Kubel and loses puck.
15:11 of 2nd period - Shot by Julien Gauthier.
15:11 of 2nd period - Shot Misses the Net.
15:13 of 2nd period - Shot by Julien Gauthier.
15:13 of 2nd period - Deflect By Nicolas Aube-Kubel.
15:13 of 2nd period - Stopped by Spencer Martin with a rebound.
15:15 of 2nd period - Shot by Julien Gauthier.
15:15 of 2nd period - Stopped by Spencer Martin without a rebound.
15:16 of 2nd period - Dylan Sikura wins face-off versus Nicolas Aube-Kubel in Checkers zone.
15:16 of 2nd period - Dylan Sikura is hit by Nicolas Aube-Kubel.
15:40 of 2nd period - Shot by Markus Nutivaara.
15:40 of 2nd period - Stopped by Pheonix Copley without a rebound.
15:41 of 2nd period - Michael Amadio wins face-off versus Kyle Rau in Senators zone.
15:41 of 2nd period - Michael Amadio is hit by Emil Heineman.
16:03 of 2nd period - Shot by Michael Amadio.
16:03 of 2nd period - Goal by Michael Amadio - Senators : 3 - Checkers : 1.
16:04 of 2nd period - Sasha Chmelevski wins face-off versus Michael Sgarbossa in neutral zone.
16:21 of 2nd period - Shot by Buddy Robinson.
16:21 of 2nd period - Shot Misses the Net.
17:12 of 2nd period - Shot by Nikita Nesterov.
17:12 of 2nd period - Stopped by Pheonix Copley without a rebound.
17:13 of 2nd period - Chris Tierney wins face-off versus Kevin Stenlund in Senators zone.
17:27 of 2nd period - Shot by Jacob Bernard-Docker.
17:27 of 2nd period - Shot Blocked by Spencer Stastney.
17:52 of 2nd period - Shot by David Jiricek.
17:52 of 2nd period - Stopped by Spencer Martin without a rebound.
17:53 of 2nd period - Dylan Sikura wins face-off versus Nicolas Aube-Kubel in Checkers zone.
17:53 of 2nd period - Dylan Sikura is hit by Nicolas Aube-Kubel.
18:11 of 2nd period - Shot by Sasha Chmelevski.
18:11 of 2nd period - Shot Misses the Net.
18:13 of 2nd period - Shot by Rob O'Gara.
18:13 of 2nd period - Shot Misses the Net.
18:21 of 2nd period - Shot by Sasha Chmelevski.
18:21 of 2nd period - Goal by Sasha Chmelevski - Senators : 3 - Checkers : 2.
18:22 of 2nd period - Michael Amadio wins face-off versus Kyle Rau in neutral zone.
18:24 of 2nd period - Off-side.
18:25 of 2nd period - Kevin Stenlund wins face-off versus Chris Tierney in neutral zone.
18:27 of 2nd period - Off-side.
18:28 of 2nd period - Sasha Chmelevski wins face-off versus Chris Tierney in neutral zone.
18:31 of 2nd period - Shot by Landon Ferraro.
18:31 of 2nd period - Shot Blocked by David Jiricek.
18:41 of 2nd period - Shot by Landon Ferraro.
18:41 of 2nd period - Shot Blocked by David Jiricek.
19:10 of 2nd period - Icing by Landon Ferraro.
19:11 of 2nd period - Nicolas Aube-Kubel wins face-off versus Sasha Chmelevski in Checkers zone.
19:37 of 2nd period - Shot by Eric Robinson.
19:37 of 2nd period - Stopped by Pheonix Copley with a rebound.
19:41 of 2nd period - Shot by Eric Robinson.
19:41 of 2nd period - Shot Misses the Net.
19:43 of 2nd period - Shot by Eric Robinson.
19:43 of 2nd period - Goal by Eric Robinson - Senators : 3 - Checkers : 3.
19:44 of 2nd period - Michael Sgarbossa wins face-off versus Kyle Rau in neutral zone.
19:56 of 2nd period - Shot by Danny O'Regan.
19:56 of 2nd period - Deflect By Michael Sgarbossa.
19:56 of 2nd period - Stopped by Spencer Martin without a rebound.
19:57 of 2nd period - Chris Tierney wins face-off versus Kevin Stenlund in Checkers zone.
Goals for this period are 1 for Senators vs 3 for Checkers.
Shots for this period are 7 for Senators vs 17 for Checkers.

3rd period


0:01 of 3rd period - Chris Tierney wins face-off versus Sasha Chmelevski in neutral zone.
0:34 of 3rd period - Minor Penalty to Yannick Weber for Holding.
0:35 of 3rd period - Chris Tierney wins face-off versus Sasha Chmelevski in Senators zone.
0:50 of 3rd period - Shot by Rob O'Gara.
0:50 of 3rd period - Shot Misses the Net.
0:52 of 3rd period - Shot by Sasha Chmelevski.
0:52 of 3rd period - Shot Misses the Net.
0:54 of 3rd period - Shot by Martin Kaut.
0:54 of 3rd period - Shot Misses the Net.
0:56 of 3rd period - Shot by Rob O'Gara.
0:56 of 3rd period - Stopped by Pheonix Copley with a rebound.
0:58 of 3rd period - Shot by Eric Robinson.
0:58 of 3rd period - Shot Misses the Net.
1:39 of 3rd period - Shot by Markus Nutivaara.
1:39 of 3rd period - Shot Misses the Net.
1:55 of 3rd period - David Jiricek is hit by Buddy Robinson and loses puck.
3:23 of 3rd period - Off-side.
3:24 of 3rd period - Kevin Stenlund wins face-off versus Nicolas Aube-Kubel in neutral zone.
3:41 of 3rd period - Shot by Eric Robinson.
3:41 of 3rd period - Stopped by Pheonix Copley without a rebound.
3:42 of 3rd period - Chris Tierney wins face-off versus Kevin Stenlund in Senators zone.
3:53 of 3rd period - Shot by Nic Dowd.
3:53 of 3rd period - Shot Misses the Net.
3:59 of 3rd period - Shot by Chris Tierney.
3:59 of 3rd period - Stopped by Spencer Martin without a rebound.
4:00 of 3rd period - Sasha Chmelevski wins face-off versus Nicolas Aube-Kubel in Checkers zone.
5:54 of 3rd period - Danny O'Regan is hit by Eric Robinson and loses puck.
6:01 of 3rd period - Shot by Kevin Stenlund.
6:01 of 3rd period - Shot Misses the Net.
6:05 of 3rd period - Shot by Nikita Nesterov.
6:05 of 3rd period - Stopped by Pheonix Copley without a rebound.
6:06 of 3rd period - Kevin Stenlund wins face-off versus Nicolas Aube-Kubel in Senators zone.
6:06 of 3rd period - Eric Robinson is hit by Pierre-Olivier Joseph and loses puck.
6:07 of 3rd period - Minor Penalty to Pierre-Olivier Joseph for Slashing.
6:08 of 3rd period - Sasha Chmelevski wins face-off versus Chris Tierney in Senators zone.
6:47 of 3rd period - Icing by Sasha Chmelevski.
6:48 of 3rd period - Nicolas Aube-Kubel wins face-off versus Sasha Chmelevski in Checkers zone.
6:51 of 3rd period - Shot by Michael Sgarbossa.
6:51 of 3rd period - Stopped by Spencer Martin without a rebound.
6:52 of 3rd period - Chris Tierney wins face-off versus Landon Ferraro in Checkers zone.
7:22 of 3rd period - Shot by Emil Heineman.
7:22 of 3rd period - Stopped by Pheonix Copley without a rebound.
7:23 of 3rd period - Sasha Chmelevski wins face-off versus Nicolas Aube-Kubel in Senators zone.
7:24 of 3rd period - Shot by Markus Nutivaara.
7:24 of 3rd period - Stopped by Pheonix Copley without a rebound.
7:25 of 3rd period - Chris Tierney wins face-off versus Sasha Chmelevski in Senators zone.
7:36 of 3rd period - Shot by Sasha Chmelevski.
7:36 of 3rd period - Stopped by Pheonix Copley without a rebound.
7:37 of 3rd period - Landon Ferraro wins face-off versus Nicolas Aube-Kubel in Senators zone.
7:40 of 3rd period - Shot by Buddy Robinson.
7:40 of 3rd period - Stopped by Pheonix Copley without a rebound.
7:41 of 3rd period - Landon Ferraro wins face-off versus Chris Tierney in Senators zone.
8:43 of 3rd period - Off-side.
8:44 of 3rd period - Michael Sgarbossa wins face-off versus Dylan Sikura in neutral zone.
9:06 of 3rd period - Shot by Spencer Stastney.
9:06 of 3rd period - Shot Blocked by Danny O'Regan.
9:49 of 3rd period - Icing by Lucas Carlsson.
9:50 of 3rd period - Kyle Rau wins face-off versus Chris Tierney in Senators zone.
9:50 of 3rd period - Kyle Rau is hit by Axel Andersson.
10:18 of 3rd period - Shot by Nic Dowd.
10:18 of 3rd period - Shot Blocked by Ben Harpur.
10:23 of 3rd period - Emil Heineman is hit by Lucas Carlsson and loses puck.
12:12 of 3rd period - Shot by Lukas Radil.
12:12 of 3rd period - Deflect By Kyle Rau.
12:12 of 3rd period - Shot Misses the Net.
12:48 of 3rd period - Shot by Eric Robinson.
12:48 of 3rd period - Stopped by Pheonix Copley with a rebound.
12:52 of 3rd period - Shot by Kevin Stenlund.
12:52 of 3rd period - Shot Hit the Post.
12:54 of 3rd period - Shot by Martin Kaut.
12:54 of 3rd period - Deflect By Eric Robinson.
12:54 of 3rd period - Shot Blocked by David Jiricek.
12:56 of 3rd period - Shot by Kevin Stenlund.
12:56 of 3rd period - Shot Misses the Net.
12:58 of 3rd period - Shot by Eric Robinson.
12:58 of 3rd period - Shot Misses the Net.
13:00 of 3rd period - Shot by Martin Kaut.
13:00 of 3rd period - Shot Misses the Net.
13:02 of 3rd period - Shot by Kevin Stenlund.
13:02 of 3rd period - Stopped by Pheonix Copley with a rebound.
13:04 of 3rd period - Shot by Eric Robinson.
13:04 of 3rd period - Stopped by Pheonix Copley without a rebound.
13:05 of 3rd period - Michael Amadio wins face-off versus Buddy Robinson in Senators zone.
13:26 of 3rd period - Shot by Sasha Chmelevski.
13:26 of 3rd period - Shot Misses the Net.
13:28 of 3rd period - Shot by Landon Ferraro.
13:28 of 3rd period - Stopped by Pheonix Copley without a rebound.
13:29 of 3rd period - Kevin Stenlund wins face-off versus Michael Sgarbossa in Senators zone.
13:30 of 3rd period - Shot by Eric Robinson.
13:30 of 3rd period - Shot Misses the Net.
13:33 of 3rd period - Icing by Pierre-Olivier Joseph.
13:34 of 3rd period - Kevin Stenlund wins face-off versus Michael Sgarbossa in Senators zone.
13:38 of 3rd period - Icing by Yannick Weber.
13:39 of 3rd period - Michael Sgarbossa wins face-off versus Dylan Sikura in Senators zone.
14:00 of 3rd period - Shot by Sasha Chmelevski.
14:00 of 3rd period - Shot Blocked by Pierre-Olivier Joseph.
14:20 of 3rd period - Michael Sgarbossa is hit by Emil Heineman and loses puck.
16:37 of 3rd period - Sasha Chmelevski is hit by Nicolas Aube-Kubel and loses puck.
17:29 of 3rd period - Shot by Michael Sgarbossa.
17:29 of 3rd period - Stopped by Spencer Martin without a rebound.
17:30 of 3rd period - Kyle Rau wins face-off versus Michael Sgarbossa in Checkers zone.
18:28 of 3rd period - Shot by Sasha Chmelevski.
18:28 of 3rd period - Shot Blocked by Jacob Bernard-Docker.
18:30 of 3rd period - Shot by Rob O'Gara.
18:30 of 3rd period - Stopped by Pheonix Copley with a rebound.
18:32 of 3rd period - Shot by Sasha Chmelevski.
18:32 of 3rd period - Stopped by Pheonix Copley without a rebound.
18:33 of 3rd period - Nicolas Aube-Kubel wins face-off versus Kevin Stenlund in Senators zone.
18:40 of 3rd period - Shot by Lucas Carlsson.
18:40 of 3rd period - Stopped by Spencer Martin without a rebound.
18:41 of 3rd period - Kevin Stenlund wins face-off versus Chris Tierney in Checkers zone.
19:42 of 3rd period - Nikita Nesterov is hit by Lucas Carlsson and loses puck.
19:50 of 3rd period - Emil Heineman is hit by Axel Andersson and loses puck.
19:56 of 3rd period - Dylan Sikura is hit by Lucas Carlsson.
Goals for this period are 0 for Senators vs 0 for Checkers.
Shots for this period are 4 for Senators vs 13 for Checkers.

Overtime #1


0:01 of 1st overtime period - Sasha Chmelevski wins face-off versus Chris Tierney in neutral zone.
0:23 of 1st overtime period - Shot by Sasha Chmelevski.
0:23 of 1st overtime period - Shot Misses the Net.
0:25 of 1st overtime period - Shot by Landon Ferraro.
0:25 of 1st overtime period - Shot Misses the Net.
1:13 of 1st overtime period - Shot by Martin Kaut.
1:13 of 1st overtime period - Shot Blocked by Jacob Bernard-Docker.
1:17 of 1st overtime period - Shot by Eric Robinson.
1:17 of 1st overtime period - Shot Misses the Net.
1:32 of 1st overtime period - Icing by Nicolas Aube-Kubel.
1:33 of 1st overtime period - Lukas Radil wins face-off versus Nicolas Aube-Kubel in Senators zone.
1:34 of 1st overtime period - Shot by Rob O'Gara.
1:34 of 1st overtime period - Stopped by Pheonix Copley without a rebound.
1:35 of 1st overtime period - Michael Sgarbossa wins face-off versus Kyle Rau in Senators zone.
1:35 of 1st overtime period - Michael Sgarbossa is hit by Emil Heineman.
1:44 of 1st overtime period - Michael Sgarbossa is hit by Rob O'Gara.
2:07 of 1st overtime period - Shot by Axel Andersson.
2:07 of 1st overtime period - Stopped by Spencer Martin without a rebound.
2:08 of 1st overtime period - Chris Tierney wins face-off versus Sasha Chmelevski in Checkers zone.
2:11 of 1st overtime period - Shot by Pierre-Olivier Joseph.
2:11 of 1st overtime period - Shot Misses the Net.
2:27 of 1st overtime period - Shot by Chris Tierney.
2:27 of 1st overtime period - Stopped by Spencer Martin with a rebound.
2:29 of 1st overtime period - Shot by Paul Cotter.
2:29 of 1st overtime period - Shot Misses the Net.
2:31 of 1st overtime period - Shot by Paul Cotter.
2:31 of 1st overtime period - Shot Misses the Net.
2:33 of 1st overtime period - Shot by Nic Dowd.
2:33 of 1st overtime period - Stopped by Spencer Martin without a rebound.
2:34 of 1st overtime period - Kevin Stenlund wins face-off versus Nicolas Aube-Kubel in Checkers zone.
2:47 of 1st overtime period - Shot by Kevin Stenlund.
2:47 of 1st overtime period - Stopped by Pheonix Copley without a rebound.
2:48 of 1st overtime period - Kyle Rau wins face-off versus Michael Sgarbossa in Senators zone.
3:16 of 1st overtime period - Emil Heineman is hit by Lucas Carlsson and loses puck.
3:53 of 1st overtime period - Shot by Yannick Weber.
3:53 of 1st overtime period - Stopped by Spencer Martin without a rebound.
3:54 of 1st overtime period - Kevin Stenlund wins face-off versus Nic Dowd in Checkers zone.
4:01 of 1st overtime period - Shot by Eric Robinson.
4:01 of 1st overtime period - Stopped by Pheonix Copley without a rebound.
4:02 of 1st overtime period - Buddy Robinson wins face-off versus Chris Tierney in Senators zone.
4:08 of 1st overtime period - Minor Penalty to Pierre-Olivier Joseph for Hooking.
4:09 of 1st overtime period - Chris Tierney wins face-off versus Sasha Chmelevski in Senators zone.
4:55 of 1st overtime period - Markus Nutivaara is hit by David Jiricek and loses puck.
5:16 of 1st overtime period - Shot by Landon Ferraro.
5:16 of 1st overtime period - Deflect By Emil Heineman.
5:16 of 1st overtime period - Stopped by Pheonix Copley with a rebound.
5:59 of 1st overtime period - Shot by Spencer Stastney.
5:59 of 1st overtime period - Stopped by Pheonix Copley without a rebound.
6:00 of 1st overtime period - Landon Ferraro wins face-off versus Chris Tierney in Senators zone.
6:47 of 1st overtime period - Icing by Lukas Radil.
6:48 of 1st overtime period - Michael Sgarbossa wins face-off versus Lukas Radil in Checkers zone.
6:55 of 1st overtime period - Shot by Michael Sgarbossa.
6:55 of 1st overtime period - Shot Misses the Net.
6:57 of 1st overtime period - Shot by David Jiricek.
6:57 of 1st overtime period - Stopped by Spencer Martin without a rebound.
6:58 of 1st overtime period - Sasha Chmelevski wins face-off versus Chris Tierney in Checkers zone.
6:58 of 1st overtime period - Sasha Chmelevski is hit by Nic Dowd.
7:05 of 1st overtime period - Icing by Landon Ferraro.
7:06 of 1st overtime period - Sasha Chmelevski wins face-off versus Chris Tierney in Checkers zone.
7:06 of 1st overtime period - Sasha Chmelevski is hit by Paul Cotter.
7:21 of 1st overtime period - Jakub Jerabek is hit by Jacob Bernard-Docker and loses puck.
8:15 of 1st overtime period - Shot by Nicolas Aube-Kubel.
8:15 of 1st overtime period - Shot Blocked by Eric Robinson.
8:23 of 1st overtime period - Shot by Martin Kaut.
8:23 of 1st overtime period - Shot Misses the Net.
8:25 of 1st overtime period - Shot by Martin Kaut.
8:25 of 1st overtime period - Shot Misses the Net.
8:27 of 1st overtime period - Shot by Eric Robinson.
8:27 of 1st overtime period - Stopped by Pheonix Copley without a rebound.
8:28 of 1st overtime period - Kyle Rau wins face-off versus Beck Malenstyn in Senators zone.
8:38 of 1st overtime period - Lucas Carlsson is hit by Rob O'Gara and loses puck.
8:45 of 1st overtime period - Shot by Danny O'Regan.
8:45 of 1st overtime period - Stopped by Spencer Martin with a rebound.
9:26 of 1st overtime period - Shot by Michael Amadio.
9:26 of 1st overtime period - Stopped by Spencer Martin with a rebound.
10:11 of 1st overtime period - Off-side.
10:12 of 1st overtime period - Nicolas Aube-Kubel wins face-off versus Sasha Chmelevski in neutral zone.
10:23 of 1st overtime period - Shot by Sam Lafferty.
10:23 of 1st overtime period - Shot Blocked by Markus Nutivaara.
10:25 of 1st overtime period - Shot by Julien Gauthier.
10:25 of 1st overtime period - Shot Misses the Net.
10:30 of 1st overtime period - Icing by Ben Harpur.
10:31 of 1st overtime period - Michael Sgarbossa wins face-off versus Sasha Chmelevski in Checkers zone.
10:42 of 1st overtime period - Shot by Danny O'Regan.
10:42 of 1st overtime period - Shot Misses the Net.
10:44 of 1st overtime period - Shot by Axel Andersson.
10:44 of 1st overtime period - Stopped by Spencer Martin with a rebound.
10:48 of 1st overtime period - Shot by Michael Sgarbossa.
10:48 of 1st overtime period - Shot Misses the Net.
11:06 of 1st overtime period - Shot by Beck Malenstyn.
11:06 of 1st overtime period - Shot Misses the Net.
11:08 of 1st overtime period - Shot by Michael Sgarbossa.
11:08 of 1st overtime period - Stopped by Spencer Martin without a rebound.
11:09 of 1st overtime period - Paul Cotter wins face-off versus Kevin Stenlund in Checkers zone.
12:02 of 1st overtime period - Shot by Sasha Chmelevski.
12:02 of 1st overtime period - Shot Misses the Net.
12:04 of 1st overtime period - Shot by Markus Nutivaara.
12:04 of 1st overtime period - Stopped by Pheonix Copley with a rebound.
12:06 of 1st overtime period - Shot by Markus Nutivaara.
12:06 of 1st overtime period - Stopped by Pheonix Copley without a rebound.
12:07 of 1st overtime period - Sasha Chmelevski wins face-off versus Nicolas Aube-Kubel in Senators zone.
12:29 of 1st overtime period - David Jiricek is hit by Buddy Robinson and loses puck.
13:26 of 1st overtime period - Shot by Kyle Rau.
13:26 of 1st overtime period - Shot Blocked by Axel Andersson.
13:52 of 1st overtime period - Shot by Eric Robinson.
13:52 of 1st overtime period - Stopped by Pheonix Copley without a rebound.
13:53 of 1st overtime period - Kevin Stenlund wins face-off versus Chris Tierney in Senators zone.
13:56 of 1st overtime period - Shot by Kevin Stenlund.
13:56 of 1st overtime period - Deflect By Martin Kaut.
13:56 of 1st overtime period - Shot Misses the Net.
14:00 of 1st overtime period - Shot by Nikita Nesterov.
14:00 of 1st overtime period - Shot Misses the Net.
14:02 of 1st overtime period - Shot by Eric Robinson.
14:02 of 1st overtime period - Stopped by Pheonix Copley without a rebound.
14:03 of 1st overtime period - Chris Tierney wins face-off versus Kevin Stenlund in Senators zone.
14:34 of 1st overtime period - Shot by David Jiricek.
14:34 of 1st overtime period - Stopped by Spencer Martin with a rebound.
14:36 of 1st overtime period - Shot by Nic Dowd.
14:36 of 1st overtime period - Shot Misses the Net.
15:13 of 1st overtime period - Shot by Jakub Jerabek.
15:13 of 1st overtime period - Shot Misses the Net.
15:15 of 1st overtime period - Shot by Dylan Sikura.
15:15 of 1st overtime period - Shot Misses the Net.
15:17 of 1st overtime period - Shot by Emil Heineman.
15:17 of 1st overtime period - Shot Misses the Net.
15:19 of 1st overtime period - Shot by Dylan Sikura.
15:19 of 1st overtime period - Shot Blocked by Julien Gauthier.
15:21 of 1st overtime period - Shot by Spencer Stastney.
15:21 of 1st overtime period - Stopped by Pheonix Copley without a rebound.
15:22 of 1st overtime period - Kyle Rau wins face-off versus Michael Sgarbossa in Senators zone.
16:39 of 1st overtime period - Shot by Nicolas Aube-Kubel.
16:39 of 1st overtime period - Shot Misses the Net.
16:47 of 1st overtime period - Shot by Sasha Chmelevski.
16:47 of 1st overtime period - Shot Misses the Net.
16:49 of 1st overtime period - Shot by Spencer Stastney.
16:49 of 1st overtime period - Shot Misses the Net.
16:51 of 1st overtime period - Shot by Sasha Chmelevski.
16:51 of 1st overtime period - Shot Hit the Post.
16:53 of 1st overtime period - Shot by Sasha Chmelevski.
16:53 of 1st overtime period - Shot Misses the Net.
17:05 of 1st overtime period - Shot by Martin Kaut.
17:05 of 1st overtime period - Shot Misses the Net.
17:18 of 1st overtime period - Icing by Rob O'Gara.
17:19 of 1st overtime period - Chris Tierney wins face-off versus Kevin Stenlund in Checkers zone.
18:11 of 1st overtime period - Icing by Ben Harpur.
18:12 of 1st overtime period - Michael Sgarbossa wins face-off versus Dylan Sikura in Checkers zone.
18:13 of 1st overtime period - Shot by Danny O'Regan.
18:13 of 1st overtime period - Deflect By Beck Malenstyn.
18:13 of 1st overtime period - Stopped by Spencer Martin without a rebound.
18:14 of 1st overtime period - Michael Sgarbossa wins face-off versus Kevin Stenlund in Checkers zone.
18:25 of 1st overtime period - Shot by Michael Sgarbossa.
18:25 of 1st overtime period - Shot Misses the Net.
18:27 of 1st overtime period - Shot by Danny O'Regan.
18:27 of 1st overtime period - Stopped by Spencer Martin without a rebound.
18:28 of 1st overtime period - Michael Amadio wins face-off versus Kyle Rau in Checkers zone.
18:39 of 1st overtime period - Shot by Chris Tierney.
18:39 of 1st overtime period - Shot Misses the Net.
18:41 of 1st overtime period - Shot by Nic Dowd.
18:41 of 1st overtime period - Goal by Nic Dowd - Senators : 4 - Checkers : 3.
Goals for this period are 1 for Senators vs 0 for Checkers.
Shots for this period are 13 for Senators vs 11 for Checkers.